cohdb
Replays
Latest Replays
All Replays
Popular Replays
Top Player Replays
Match Explorer
How It Works
Community
CoH3 Stats
Reddit
Sign in to upload your games and track your stats! →
Sign in with Steam
Match 46232740
Unlisted
Match 46232740
Overview
Messages
Build Orders
End
Construct Section Command Post
Construct Section Command Post
Infantry Section
Dingo Light Scout Car
Infantry Section
Construct Platoon Command Post
Humber Armored Car
ML 3-inch Mortar Team
Selects Heavy Armor Battlegroup
Selects Engineer Detachments
6-pounder Anti-tank Gun Team
Construct Field Infirmary
Royal Engineer Section
Infantry Training
Vickers Machine Gun Team
Unlock Bishop Self-propelled Artillery
Bishop Self-propelled Artillery
Infantry Section
Grenade Package
Team Weapon Training
Construct Company Command Post
Selects Forward Repair Assembly
Unlock M3 Grant Medium Tanks
DragonLTU
The_Jonny_Boy94
12345+5
MindfulRaptor
nispe
不可抱萌物
0
0
Comments
sign in to comment!
No comments posted yet!